 Dungeon Sprint DCSS version 0.23.2-1-ga50397a (webtiles) character file.

Game seed: 17059953491097783329

433 whitewolfNL the Fighter (level 7, -1/91 HPs)
             Began as an Ogre Berserker on May 22, 2019.
             Was a Believer of Trog.
             Slain by Sonja
             ... wielding a +0 short sword of draining
              (2 damage)
             ... in the Dungeon (Sprint I: "Red Sonja").
             The game lasted 00:02:43 (487 turns).

whitewolfNL the Fighter (Ogre Berserker)             Turns: 487, Time: 00:02:43

Health: -1/91      AC:  4    Str: 22    XL:     7   Next: 0%
Magic:  7/7        EV: 10    Int:  8    God:    Trog [**....]
Gold:   330        SH:  0    Dex: 10    Spells: 6/6 levels left

rFire    . . .     SeeInvis .   l - +0 giant spiked club
rCold    . . .     Gourm    .   (shield currently unavailable)
rNeg     . . .     Faith    .   k - +1 robe {MR+}
rPois    .         Spirit   .   (helmet restricted)
rElec    .         Reflect  .   (no cloak)
rCorr    .         Harm     .   (gloves unavailable)
MR       +....     NoTele   +   (boots unavailable)
Stlth    +.........             (no amulet)
HPRegen  0.25/turn              (no ring)
MPRegen  0.10/turn              (no ring)

@: berserk cooldown, very slightly contaminated, slowed, very heavily drained,
very slow
A: large, unfitting armour, tough skin 1
a: Berserk, Trog's Hand, Renounce Religion


You were in the Dungeon.
You worshipped Trog.
Trog was pleased with you.
You were very hungry.

You visited 1 branch You collected 330 gold pieces.

Inventory:

Hand Weapons
 l - a +0 giant spiked club (weapon)
Armour
 k - a +1 robe of magic resistance (worn)
Wands
 j - a wand of random effects (22)
Scrolls
 b - a scroll of enchant armour {unknown}
Potions
 d - 2 potions of curing
 f - a potion of haste
 g - 2 potions of magic
 h - a potion of berserk rage
Comestibles
 a - 6 chunks of flesh
 c - a ration


   Skills:
 * Level 12.2(7.3) Fighting
 * Level 8.9(4.3) Maces & Flails
 + Level 6.5(2.2) Dodging


You had 6 spell levels left.
You didn't know any spells.
Your spell library was empty.

Dungeon Overview and Level Annotations

Branches:
Dungeon (1/1)

Altars:
Cheibriados
Dithmenos
Elyvilon
Fedhas
Gozag
Hepliaklqana
Kikubaaqudgha
Nemelex Xobeh
Okawaru
Qazlal
Ru
Sif Muna
Trog
Uskayaw
Vehumet
Wu Jian
Yredelemnul
Zin
The Shining One

Shops:
D *

Annotations:
D Sonja


Innate Abilities, Weirdness & Mutations

You are too large for most types of armour.
You have tough skin. (AC +1)


Message History

* * * LOW HITPOINT WARNING * * *
You feel drained.
* * * LOW HITPOINT WARNING * * *
There is an open door here.
You miss Sonja.
Sonja zaps a wand.
The puff of flame hits you!
* * * LOW HITPOINT WARNING * * *
Sonja zaps a wand.
The puff of flame misses you.
The now-empty wand crumbles to dust.
Sonja hits you with a +0 short sword of draining.
* * * LOW HITPOINT WARNING * * *
You feel drained. Sonja hits you but does no damage.
You feel drained.
Sonja hits you with a +0 short sword of draining.
* * * LOW HITPOINT WARNING * * *
You feel drained.
* * * LOW HITPOINT WARNING * * *
You miss Sonja.
Sonja hits you with a +0 short sword of draining.
* * * LOW HITPOINT WARNING * * *
You feel drained.
You die...

#<.#..').#.['..#
#..').#..'..#..+
#..#####'#####'#
#..####..#..(#.# ##
#..#__####..##.#≈§§
#..#_____##'#_.+≈§§
#⌠⌠#_.∩...'÷.._#§§§§
####_..__##_.#'# + #
#_____###@#.#
####### #K### $.$
#$.$# ##.## #+#


You could see Sonja.

Vanquished Creatures
  Sigmund (D)
  A yak (D)
  An ogre (D)
  A jelly (D)
  Ijyb (D)
5 creatures vanquished.

Notes
Turn   | Place    | Note
-------+----------+-------------------------------------------
     0 | D        | whitewolfNL the Ogre Berserker began the quest for the Orb.
     0 | D        | Reached XP level 1. HP: 24/24 MP: 1/1
     2 | D        | Noticed Ijyb
    12 | D        | Killed Ijyb
    12 | D        | Reached skill level 6 in Fighting
    12 | D        | Reached XP level 2. HP: 36/36 MP: 2/2
    12 | D        | Reached XP level 3. HP: 44/44 MP: 3/3
    18 | D        | Noticed an ogre
    25 | D        | Killed an ogre
    25 | D        | Reached skill level 8 in Fighting
    25 | D        | Reached skill level 5 in Maces & Flails
    25 | D        | Reached XP level 4. HP: 16/58 MP: 4/4
   237 | D        | Noticed Sigmund
   249 | D        | Killed Sigmund
   249 | D        | Reached ** piety under Trog
   249 | D        | Reached skill level 10 in Fighting
   249 | D        | Reached skill level 5 in Dodging
   249 | D        | Reached XP level 5. HP: 65/70 MP: 5/5
   249 | D        | Reached XP level 6. HP: 73/79 MP: 6/6
   377 | D        | Found an ornate altar of the Wu Jian Council.
   377 | D        | Found a deep blue altar of Sif Muna.
   379 | D        | Found a radiant altar of Vehumet.
   382 | D        | Reached skill level 11 in Fighting
   412 | D        | Found Gubolist's Assorted Antiques.
   412 | D        | Found an ancient bone altar of Kikubaaqudgha.
   412 | D        | Found a hazy altar of Hepliaklqana.
   412 | D        | Found a stormy altar of Qazlal.
   412 | D        | Found a hide-covered altar of Uskayaw.
   412 | D        | Found a blossoming altar of Fedhas.
   412 | D        | Found a bloodstained altar of Trog.
   412 | D        | Found an iron altar of Okawaru.
   412 | D        | Found a basalt altar of Yredelemnul.
   412 | D        | Found a glowing golden altar of the Shining One.
   412 | D        | Found a snail-covered altar of Cheibriados.
   412 | D        | Found a sacrificial altar of Ru.
   412 | D        | Found a glowing silver altar of Zin.
   412 | D        | Found a shadowy altar of Dithmenos.
   412 | D        | Found a white marble altar of Elyvilon.
   412 | D        | Noticed a yak
   417 | D        | Killed a yak
   417 | D        | Reached skill level 12 in Fighting
   417 | D        | Reached XP level 7. HP: 67/91 MP: 7/7
   418 | D        | Found an opulent altar of Gozag.
   421 | D        | Found a sparkling altar of Nemelex Xobeh.
   458 | D        | Noticed Sonja
   486 | D        | HP: 4/91 [Sonja/+0 short sword of draining (1)]
   487 | D        | HP: 1/91 [Sonja/+0 short sword of draining (4)]
   487 | D        | Slain by Sonja

Skill      XL: |  1  2  3  4  5  6 |
---------------+-------------------+-----
Fighting       | 6 8 10 12 | 12.2
Maces & Flails | 4 5 7 8 |  8.9
Dodging        | 3 4 5 6 |  6.5

Action                   |  1- 3 |  4- 6 |  7- 9 || total
-------------------------+-------+-------+-------++-------
Melee: Mace              |    15 |       |       ||    15
       Giant spiked club |       |    15 |     4 ||    19
Invok: Berserk           |     1 |     1 |     1 ||     3
  Use: Potion            |       |       |     2 ||     2
       Scroll            |       |       |     1 ||     1
Armor: Animal skin       |     1 |       |       ||     1
       Robe              |       |     1 |     6 ||     7
Dodge: Dodged            |     9 |     6 |    14 ||    29
